 Dungeon Crawl Stone Soup version 0.29-a0-11-ga75d3d97ab (webtiles) character file.

Game seed: 10249271816946904538

16 oldriver the Insei (level 2, 0/18 HPs)
             Began as an Octopode Transmuter on Jan 29, 2022.
             Shot with a stone by a goblin (2 damage)
             ... on level 2 of the Dungeon.
             The game lasted 00:00:52 (746 turns).

oldriver the Insei (Octopode Transmuter)             Turns: 746, Time: 00:00:52

Health: 0/18       AC:  1    Str:  9    XL:     2   Next: 54%
Magic:  4/5        EV: 13    Int: 15    God:
Gold:   29         SH:  0    Dex: 12    Spells: 4/5 levels left

rFire   . . .      SeeInvis .     - Unarmed
rCold   . . .      Faith    .   (no shield)
rNeg    . . .      Spirit   .   (helmet currently unavailable)
rPois   .          Reflect  .   (no amulet)
rElec   .          Harm     .   (no ring)
rCorr   .          Rampage  .   (no ring)
Will    .....                   (no ring)
Stlth   +++.......              (no ring)
HPRegen 0.06/turn               (no ring)
MPRegen 0.09/turn               (no ring)
                                (no ring)
                                (no ring)

@: appendages (expiring)
A: tentacle spike 3, almost no armour, amphibious, 8 rings, camouflage 1,
gelatinous body 1, (nimble swimmer 1), tentacles
a: End Transformation


You were on level 2 of the Dungeon.
One of your tentacles had grown a beastly spike.
You visited 1 branch of the dungeon, and saw 2 of its levels.

You collected 29 gold pieces.

Inventory:

Potions
 b - a potion of curing {unknown}
 c - a potion of might {unknown}
 d - a potion of degeneration {unknown}


   Skills:
 + Level 1.5 Fighting
 - Level 2.0 Dodging
 + Level 1.7 Stealth
 - Level 3.0 Unarmed Combat
 - Level 2.0 Spellcasting
 + Level 2.3 Transmutations


You had 4 spell levels left.
You knew the following spells:

 Your Spells              Type           Power      Damage    Failure   Level
a - Beastly Appendage     Tmut           16%        N/A       9%          1

Your spell library contained the following spells:

 Spells                   Type           Power      Damage    Failure   Level
 Wereblood                Tmut           8%         N/A       13%         2
 Sublimation of Blood     Necr           1%         N/A       32%         2
 Spider Form              Tmut/Pois      5%         N/A       38%         3
 Ice Form                 Ice/Tmut       5%         N/A       80%         4
 Petrify                  Tmut/Erth      5%         N/A       80%         4
 Irradiate                Conj/Tmut      2%         3d14      98%         5


Dungeon Overview and Level Annotations

Branches:
Dungeon (2/15)

Altars:


Innate Abilities, Weirdness & Mutations

One of your tentacles has grown a beastly spike.
You cannot wear most types of armour.
You are amphibious.
You can wear up to eight rings at the same time.
Your skin changes colour to match your surroundings (Stealth+).
Your rubbery body absorbs attacks. (AC +1, EV +1)
((You are camouflaged when in or above water. (Stealth+)))
You have tentacles for arms and can constrict up to eight enemies at once.


Message History

There is an open door here.
There is an open door here.
There is an open door here.
Done exploring.
Done exploring.
Done exploring.
Done exploring.
One of your tentacles grows a vicious spike.
There is a stone staircase leading down here.
Your transformation is almost over.
You climb downwards.
Found 23 arrows and 27 bolts.
Found a stone staircase leading down.
There is a stone staircase leading up here.
Magic restored.
There is a stone staircase leading down here.
Found a glowing scarf.
A goblin comes into view. It is wielding a +0 club.
A goblin is nearby!
A goblin is nearby!
You extend your transformation's duration.
The goblin shouts!
The goblin unwields a +0 club.
The goblin wields a +2 hunting sling of freezing.
It is covered in frost.
The goblin shoots a stone.
The stone hits you. The stone freezes you.
Your transformation is almost over.
An adder comes into view.
The goblin shoots a stone.
The stone hits you! The stone freezes you.
* * * LOW HITPOINT WARNING * * *
You are too injured to fight recklessly!
You are too injured to fight recklessly!
Press: ? - help, v - describe, . - travel, g - get item
Here: a goblin, wielding a +2 hunting sling of freezing and quivering stones Item here: a glowing scarf.
The floor.
As you read the scroll labelled BUUBBO UGI, it crumbles to dust.
You feel aware of your surroundings.
It was a scroll of magic mapping.
The goblin shoots a stone.
The stone misses you.
The goblin shoots a stone.
The stone hits you.
You die...

,,,,,.................*,,,,,,*,,,
,,,,,.......(.........,,,,,,,,,,,
,,,,,.......<.........,,,,,,,,,,,
,,,,,........>........,,,,,,,,,,,
,,,,,...........####.,,,,,,,,,,,,
,,,,,...........# *******,,,,,,,
***,,(........#.########**,***,,,
*,,...................,*,,,,,,,
***,,...........@.......,*,,,,,,,
,,*,,...................,+,,,,,,,
,,,,,,..................,*,,,,,,,
,,,,,,,.................,***,,,,*
,,,,,,,,...#............,***,,,,*
,,,,,,,,...#....g.......,+,,,,,,*
,,,,,,,,..,#.#..........,****,,**
,,,,,,,,,,,#.#..........,*****,**
,,,,,,,,,,,.,#..........,,,,,,,,,


You could see a goblin.

Vanquished Creatures
  A bat (D:1)
  An endoplasm (D:1)
  2 giant cockroaches (D:1)
  A hobgoblin (D:1)
  2 kobolds (D:1)
  2 quokkas (D:1)
  4 ball pythons (D:1)
  A frilled lizard (D:1)
  A rat (D:1)
15 creatures vanquished.

Notes
Turn   | Place    | Note
-------+----------+-------------------------------------------
     0 | D:1      | oldriver the Octopode Transmuter began the quest for the
                  | Orb.
     0 | D:1      | Reached XP level 1. HP: 13/13 MP: 3/3
    30 | D:1      | Found a faded altar of an unknown god.
   162 | D:1      | Reached skill level 1 in Stealth
   249 | D:1      | Reached XP level 2. HP: 12/18 MP: 3/5
   746 | D:2      | Shot with a stone by a goblin

Illustrated notes

Levels and vault maps discovered:
D:1:      minmay_arrival_split_and_join, layout_rooms, basic_ecumenical_altar
D:2:      layout_basic

Skill      XL: |  1 |
---------------+----+-----
Stealth        | 1 |  1.7
Fighting       | |  1.5
Dodging        | |  2.0
Unarmed Combat | |  3.0
Spellcasting   | |  2.0
Transmutations | |  2.3

Action                   || total
-------------------------++-------
Melee: Unarmed           ||    23
       Constrict         ||     6
       Kick              ||     6
       Tentacles         ||     3
       Punch             ||     1
 Cast: Beastly Appendage ||    12
  Use: Scroll            ||     1
 Stab: Sleeping          ||     4
Dodge: Dodged            ||    10

Table legend: (Time is in decaauts)
 A = Elapsed time spent in this place.
 B = Non-inter-level travel time spent in this place.
 C = Inter-level travel time spent in this place.
 D = Time resting spent in this place.
 E = Time spent auto-exploring this place.
 F = Levels seen in this place.
 G = Mean time per level.
                   A        B        C        D        E       F      G
               +--------+--------+--------+--------+--------+-----+--------+
         Total |    744 |    744 |      0 |     18 |    610 |   2 |  372.0 |
       Dungeon |    744 |    744 |      0 |     18 |    610 |   2 |  372.0 |
               +--------+--------+--------+--------+--------+-----+--------+

Top non-repeatable levels by time:
     D:1: 732 daAuts
     D:2: 11 daAuts
